 Dungeon Crawl Stone Soup version 0.28-a0-476-g0f06bd746f (webtiles) character file.

Game seed: 7645728945305793465

6215 Zgarb the Jinx (level 10, -18/44 HPs)
             Began as a Spriggan Enchanter on Sept 16, 2021.
             Was a Priest of Sif Muna.
             Killed by the air
             ... invoked by Gastronok
              (32 damage)
             ... on level 8 of the Dungeon.
             The game lasted 00:40:27 (13591 turns).

Zgarb the Jinx (Spriggan Enchanter)                Turns: 13591, Time: 00:40:28

Health: -18/44     AC:  6    Str:  4    XL:     10   Next: 61%
Magic:  12/15      EV: 21    Int: 20    God:    Sif Muna [***...]
Gold:   459        SH:  0    Dex: 16    Spells: 4/14 levels left

rFire   . . .      SeeInvis +   x - +3 dagger (venom)
rCold   . . .      Faith    .   (shield restricted)
rNeg    . . .      Spirit   .   y - +0 steam dragon scales
rPois   .          Reflect  .   (helmet restricted)
rElec   .          Harm     .   w - +0 cloak
rCorr   .          Rampage  .   (gloves unavailable)
Will    +....                   (boots unavailable)
Stlth   ++++......              B - amulet of the acrobat
HPRegen 0.14/turn               u - ring of flight
MPRegen 0.14/turn               (no ring)

@: mighty, confusing by touch, flying, hasted, very quick
A: very small, no large weapons, unfitting armour, see invisible, speed 3
a: Renounce Religion, Channel Magic, Forget Spell


You were on level 8 of the Dungeon.
You worshipped Sif Muna.
Sif Muna was most pleased with you.
You visited 1 branch of the dungeon, and saw 8 of its levels.
You also visited: Bailey.

You collected 459 gold pieces.

Inventory:

Hand Weapons
 m - a +4 dagger of draining
 x - a +3 dagger of venom (weapon)
Missiles
 e - 244 stones
 o - 65 boomerangs
 s - 12 poisoned darts (quivered)
Armour
 w - a +0 cloak (worn)
 y - +0 steam dragon scales (worn)
 E - a +2 robe of willpower
Jewellery
 h - a ring of ice
 u - a ring of flight (left hand)
 B - an amulet of the acrobat (around neck)
Wands
 k - a wand of paralysis (3)
 r - a wand of digging (8)
 t - a wand of flame (22)
 C - a wand of charming (9)
Scrolls
 d - 2 scrolls of fear {unknown}
 g - a scroll of immolation {unknown}
 n - a scroll of blinking {unknown}
 q - 3 scrolls of amnesia
 v - 2 scrolls of enchant armour {unknown}
 z - 2 scrolls of teleportation {unknown}
Potions
 a - 3 potions of flight
 b - 2 potions of haste
 c - a potion of invisibility
 f - a potion of brilliance {unknown}
 i - a potion of cancellation {unknown}
 j - a potion of degeneration {unknown}
 l - 2 potions of curing
 p - a potion of might
 A - 2 potions of attraction
Miscellaneous
 D - a condenser vane (inert)


   Skills:
 - Level 10.0 Short Blades
 - Level 8.0 Dodging
 + Level 8.5 Stealth
 - Level 2.6 Spellcasting
 - Level 12.0 Hexes
 - Level 5.0 Translocations
 - Level 3.0 Ice Magic


You had 4 spell levels left.
You knew the following spells:

 Your Spells              Type           Power      Damage    Failure   Level
a - Ensorcelled Hibernat  Hex/Ice        64%        N/A       1%          2
b - Confusing Touch       Hex            50%        N/A       1%          3
c - Tukima's Dance        Hex            50%        N/A       1%          3
d - Blink                 Tloc           N/A        N/A       2%          2

Your spell library contained the following spells:

 Spells                   Type           Power      Damage    Failure   Level
 Dazzling Flash           Conj/Hex       52%        N/A       3%          3
 Gell's Gravitas          Tloc           11%        N/A       5%          3
 Teleport Other           Tloc           22%        N/A       5%          3
 Ignite Poison            Fire/Tmut/Pois 2%         N/A       41%         3
 Mephitic Cloud           Conj/Pois/Air  2%         N/A       41%         3
 Spider Form              Tmut/Pois      1%         N/A       41%         3
 Silence                  Hex/Air        13%        N/A       34%         5
 Manifold Assault         Tloc           22%        N/A       45%         5
 Freezing Cloud           Conj/Ice/Air   3%         6-21      95%         5
 Dispersal                Tloc           11%        N/A       96%         6
 Agony                    Necr           2%         N/A       99%         5
 Blade Hands              Tmut           1%         N/A       99%         5
 Irradiate                Conj/Tmut      1%         3d14      99%         5
 Dragon Form              Tmut           1%         N/A       100%        7
 Storm Form               Tmut/Air       1%         N/A       100%        7


Dungeon Overview and Level Annotations

Branches:
Dungeon (8/15)             Temple (0/1) D:7          Bailey (visited)
   Lair: D:8-11

Altars:
Sif Muna
Xom
The Shining One

Annotations:
D:8 Gastronok


Innate Abilities, Weirdness & Mutations

You are very small and have problems with some larger weapons.
You are too small for most types of armour.
You have supernaturally acute eyesight. (SInv)
You cover ground extremely quickly. (Speed+++)


Message History

Press: ? - help, Shift-Dir - straight line, f/p - Gastronok
Aim: Gastronok, wearing a +2 hat (moderately wounded, covering ground quickly, covered in acid, 100% to hit)
The bolt of acid hits Gastronok!!
Gastronok seems to be corroded for longer.
Gastronok is heavily wounded.
Aiming: Corrosive Bolt
Press: ? - help, Shift-Dir - straight line, f/p - Gastronok
Aim: Gastronok, wearing a +2 hat (moderately wounded, covering ground quickly, covered in acid, 100% to hit)
The bolt of acid hits Gastronok!
Gastronok is heavily wounded.
Gastronok waves his eye-stalks in wide circles.
The air twists around and strikes you!!
Ouch! That really hurt!
* * * LOW HITPOINT WARNING * * *
Aiming: Corrosive Bolt
Press: ? - help, Shift-Dir - straight line, f/p - Gastronok
Aim: Gastronok, wearing a +2 hat (heavily wounded, covering ground quickly, covered in acid, 100% to hit)
The bolt of acid hits Gastronok!!
Gastronok seems to be corroded for longer.
Gastronok is severely wounded.
The now-empty wand crumbles to dust.
Aiming: Paralyse
Press: ? - help, Shift-Dir - straight line, f/p - Gastronok
Aim: Gastronok, wearing a +2 hat (severely wounded, covering ground quickly, covered in acid, chance to affect: 6%)
Okay, then.
Okay, then.
Okay, then.
Casting: Ensorcelled Hibernation (safe; 1% risk of failure)
Confirm with . or Enter, or press ? or * to list all spells.
Your hands begin to glow red.
Okay, then.
Press: ? - help, v - describe, . - travel
Here: Gastronok, wearing a +2 hat (severely wounded, covering ground quickly, covered in acid, chance to confuse on hit: 22%)
The floor.
You feel very mighty all of a sudden.
You feel yourself speed up.
Gastronok waves his eye-stalks in wide circles.
The air twists around and strikes you!!
Ouch! That really hurt!
You die...

##............###.......#
##..............#.......#
#.......................#
##.....................#########
##........................##...##
#................................
#>.#....)........[..........##...
#.......[.....#...w#.o....#......
#..#..).#....##)@#.##...o.#(....#
.......#...[...[.#......o..##....
)..##.##..)[[....#.......(.....?.
..(#######.[........#.........##.
....#.##.......[.......#..#...###
.........................##...#
....######.....................##
.....### #....##.................
.......###.#### ......... #.##..


You could see Gastronok (swift, corroded).

Vanquished Creatures
  A two-headed ogre (D:8)
  Erica (D:8)
  Maggie (D:7)
  Grinder (D:3)
  A wyvern (D:5)
  Sigmund (D:3)
  A steam dragon (D:6)
  5 orc warriors
  4 water moccasins
  An ice beast (D:5)
  A sky beast (D:6)
  3 black bears
  2 ogres
  A necrophage (D:5)
  2 centaurs (D:6)
  A scorpion (D:7)
  A bullfrog (D:8)
  A wyvern zombie (D:6)
  2 water moccasin skeletons (D:6)
  A wight (D:6)
  2 jellies
  2 bullfrog zombies
  3 centaur zombies
  2 gnoll shamans
  7 hounds
  3 orc priests
  Jessica (D:3)
  2 bullfrog skeletons
  4 iguanas
  Ijyb (D:3)
  Terence (D:2)
  Natasha (thrice) (D:3)
  4 orc wizards
  A howler monkey zombie (D:6)
  Robin (D:2)
  A howler monkey skeleton (D:4)
  6 adders
  7 gnolls
  A shadow imp (D:7)
  A white imp (D:6)
  An ufetubus (D:4)
  An adder skeleton (D:4)
  A worm (D:3)
  4 dart slugs
  30 orcs
  9 ball pythons
  4 endoplasms
  4 giant cockroaches
  19 goblins
  13 hobgoblins
  4 jackals (D:1)
  23 kobolds
  3 quokkas
  4 bats
  4 frilled lizards (D:1)
  5 rats
214 creatures vanquished.

Vanquished Creatures (collateral kills)
  An orc knight (Bailey)
  2 kobold brigands (D:5)
  2 wights (D:6)
  A gnoll (D:5)
  An orc (D:8)
  2 kobolds (D:5)
9 creatures vanquished.

Vanquished Creatures (others)
  7 dancing weapons
7 creatures vanquished.

Grand Total: 230 creatures vanquished

Notes
Turn   | Place    | Note
-------+----------+-------------------------------------------
     0 | D:1      | Zgarb the Spriggan Enchanter began the quest for the Orb.
     0 | D:1      | Reached XP level 1. HP: 9/9 MP: 5/5
   327 | D:1      | Reached skill level 5 in Stealth
   369 | D:1      | Reached XP level 2. HP: 9/13 MP: 6/6
   372 | D:1      | Learned a level 2 spell: Ensorcelled Hibernation
   960 | D:1      | Reached skill level 4 in Hexes
   960 | D:1      | Reached skill level 1 in Ice Magic
   960 | D:1      | Reached XP level 3. HP: 10/16 MP: 0/8
  1785 | D:1      | Learned a level 3 spell: Confusing Touch
  2821 | D:2      | Noticed Robin
  2850 | D:2      | Reached XP level 4. HP: 17/21 MP: 6/9
  2927 | D:2      | Killed Robin
  3519 | D:2      | Found a shimmering blue altar of Sif Muna.
  3523 | D:2      | Noticed Terence
  3537 | D:2      | Killed Terence
  3554 | D:2      | Became a worshipper of Sif Muna the Loreminder
  3760 | D:3      | Learned a level 3 spell: Tukima's Dance
  3850 | D:3      | Noticed Ijyb
  3855 | D:3      | Killed Ijyb
  3856 | D:3      | Reached XP level 5. HP: 24/24 MP: 10/10
  3890 | D:3      | Noticed Jessica
  3919 | D:3      | Killed Jessica
  3920 | D:3      | Reached skill level 5 in Hexes
  4132 | D:3      | Noticed Natasha
  4140 | D:3      | Killed Natasha
  4227 | D:3      | Noticed Natasha
  4249 | D:3      | Killed Natasha
  4250 | D:3      | Reached skill level 6 in Hexes
  4250 | D:3      | Reached XP level 6. HP: 4/28 MP: 1/11
  4513 | D:3      | Noticed Natasha
  4519 | D:3      | Killed Natasha
  4685 | D:3      | Found a glowing golden altar of the Shining One.
  4722 | D:3      | Noticed Grinder
  4729 | D:3      | Killed Grinder
  4730 | D:3      | Reached skill level 7 in Hexes
  4840 | D:3      | Noticed Sigmund
  4849 | D:3      | Killed Sigmund
  4850 | D:3      | Reached skill level 8 in Hexes
  4850 | D:3      | Reached XP level 7. HP: 21/32 MP: 12/12
  5703 | D:4      | Identified the +6 chain mail "Ekaop" {Str+4}
  6732 | D:5      | Entered Level 5 of the Dungeon
  6743 | D:5      | Reached skill level 5 in Short Blades
  6856 | D:5      | Reached * piety under Sif Muna
  6857 | D:5      | Reached XP level 8. HP: 36/36 MP: 10/13
  7252 | D:5      | Found a large runed translucent door.
  7893 | D:5      | Found a large runed translucent door.
  8008 | D:5      | Found a shimmering altar of Xom.
  8549 | D:5      | Learned a level 2 spell: Blink
  9054 | D:6      | Reached skill level 10 in Short Blades
  9054 | D:6      | Reached skill level 1 in Translocations
  9054 | D:6      | Reached XP level 9. HP: 27/39 MP: 0/14
  9660 | D:6      | Reached skill level 9 in Hexes
  9871 | D:6      | Reached ** piety under Sif Muna
  9941 | D:6      | Reached skill level 5 in Translocations
 10224 | D:6      | Reached skill level 10 in Hexes
 10681 | D:7      | Reached skill level 11 in Hexes
 10960 | D:7      | Noticed Maggie
 10964 | D:7      | Killed Maggie
 11227 | D:7      | Found a staircase to the Ecumenical Temple.
 11442 | D:8      | Noticed a two-headed ogre
 11451 | D:8      | Killed a two-headed ogre
 11452 | D:8      | Reached skill level 12 in Hexes
 11452 | D:8      | Reached XP level 10. HP: 44/44 MP: 3/15
 11690 | D:8      | Noticed Erica
 11698 | D:8      | Found a flagged portal.
 11709 | Bailey   | Entered a bailey
 11856 | Bailey   | Noticed an orc knight
 11937 | Bailey   | Reached *** piety under Sif Muna
 12308 | Bailey   | Reached skill level 5 in Dodging
 12345 | Bailey   | Killed an orc knight
 12609 | D:8      | Killed Erica
 12837 | D:8      | Noticed Gastronok
 13591 | D:8      | Killed from afar by Gastronok

Illustrated notes

Levels and vault maps discovered:
D:1:      kennysheep_arrival_forest, layout_basic, corner_web_ring, hex_medium,
          st_stairs_12, minmay_misc_feat_roman, chequers_arboretum,
          serial_bayou_pond_c, minmay_box_of_dots
D:2:      layout_basic, basic_altar, uniq_terence, uniq_robin
D:3:      layout_basic, mainiacjoe_overflow_brackets, fountainhead,
          uniq_jessica, uniq_natasha, uniq_sigmund, uniq_ijyb, uniq_grinder
D:4:      layout_layer_cave
D:5:      due_chaos_kobolds, layout_rooms
D:6:      layout_loops_corners, minmay_hedge_maze, kennysheep_cluttered_room,
          minmay_fractal_squares_diagonal_5
D:7:      layout_basic, minmay_temple_entry_drinking_statues, uniq_maggie
D:8:      layout_cave_pools, enter_bailey_4, uniq_erica, uniq_gastronok

Skill      XL: |  1  2  3  4  5  6  7  8  9 10 |
---------------+-------------------------------+-----
Stealth        | 5 6 8 |  8.5
Hexes          | 4 6 8 12 | 12.0
Ice Magic      | 1 2 3 |  3.0
Short Blades   | 3 6 10 | 10.0
Translocations | 1 5 |  5.0
Dodging        | 4 8 |  8.0
Spellcasting   | |  2.6

Action                   |  1- 3 |  4- 6 |  7- 9 | 10-12 || total
-------------------------+-------+-------+-------+-------++-------
Melee: Dagger            |   143 |   100 |   295 |   135 ||   673
Throw: Dart              |       |       |     1 |    20 ||    21
 Cast: Ensorcelled Hiber |     5 |    12 |    59 |    17 ||    93
       Confusing Touch   |       |     1 |    11 |     4 ||    16
       Tukima's Dance    |       |       |    13 |     7 ||    20
Evoke: Wand              |       |     7 |     2 |     6 ||    15
       Condenser vane    |       |       |       |     1 ||     1
  Use: Scroll            |       |       |     4 |     2 ||     6
       Potion            |       |       |       |     3 ||     3
 Stab: Sleeping          |    16 |    13 |    43 |    12 ||    84
       Distracted        |       |     1 |     2 |     2 ||     5
       Confused          |       |     2 |     9 |     1 ||    12
       Paralysed         |       |     4 |       |       ||     4
Armor: Robe              |    18 |    13 |    11 |       ||    42
       Steam dragon scal |       |       |     2 |    10 ||    12
Dodge: Dodged            |   111 |    76 |   158 |    63 ||   408

Table legend: (Time is in decaauts)
 A = Elapsed time spent in this place.
 B = Non-inter-level travel time spent in this place.
 C = Inter-level travel time spent in this place.
 D = Time resting spent in this place.
 E = Time spent auto-exploring this place.
 F = Levels seen in this place.
 G = Mean time per level.
                   A        B        C        D        E       F      G
               +--------+--------+--------+--------+--------+-----+--------+
         Total |  10644 |  10377 |    267 |    598 |   7529 |   9 | 1182.7 |
       Dungeon |   9922 |   9655 |    267 |    453 |   7200 |   8 | 1240.2 |
        Bailey |    722 |    722 |      0 |    145 |    329 |   1 |  722.0 |
               +--------+--------+--------+--------+--------+-----+--------+

Top non-repeatable levels by time:
     D:1: 2030 daAuts
     D:6: 1491 daAuts
     D:5: 1454 daAuts
     D:4: 1241 daAuts
     D:3: 1089 daAuts
     D:2: 1007 daAuts
     D:8: 803 daAuts
     D:7: 803 daAuts
  Bailey: 722 daAuts
